 Dungeon Crawl Stone Soup version 0.31-a0-229-g1fc7ce93e2 (webtiles) character file.

Game seed: 15165675074588468841

25 qw the Shooter (level 2, 0/26 HPs)
             Began as a Minotaur Hexslinger on July 6, 2023.
             Slain by a goblin
             ... wielding a +0 club
             ... led by Robin
              (5 damage)
             ... on level 2 of the Dungeon.
             The game lasted 00:00:14 (931 turns).

qw the Shooter (Minotaur Hexslinger)                 Turns: 931, Time: 00:00:15

Health: 0/26       AC:  3    Str: 10    XL:     2   Next: 82%
Magic:  2/2        EV: 11    Int: 10    God:
Gold:   53         SH:  0    Dex: 12    Spells: 2/3 levels left

rFire   . . .        Y - +1 sling
rCold   . . .        (no shield)
rNeg    . . .        g - +0 leather armour
rPois   .            (helmet restricted)
rElec   .            (no cloak)
rCorr   .            (no gloves)
SInv    .            (no boots)
Will    .....        (no amulet)
Stlth   +            (no ring)
HPRegen 0.24/turn    (no ring)
MPRegen 0.08/turn

%: no passive effects
@: no status effects
A: horns 2, retaliatory headbutt, robust 1, weak 1
a: no special abilities


You were on level 2 of the Dungeon.
You visited 1 branch of the dungeon, and saw 2 of its levels.

You collected 53 gold pieces.


Innate Abilities, Weirdness & Mutations

You have a pair of horns on your head.
You reflexively headbutt those who attack you in melee.
You are robust. (+10% HP)
You are weak. (Str -2)


   Skills:
 - Level 2.0 Fighting
 + Level 3.4 Ranged Weapons
 - Level 2.1 Dodging
 - Level 1.0 Spellcasting
 - Level 2.0 Hexes


You had 2 spell levels left.
You knew the following spells:

 Your Spells              Type           Power      Damage    Failure   Level
a - Slow                  Hex            16%        N/A       21%         1

Your spell library contained the following spells:

 Spells                   Type           Power      Damage    Failure   Level
 Inner Flame              Hex/Fire       2%         N/A       67%         3
 Portal Projectile        Hex/Tloc       4%         N/A       67%         3
 Cause Fear               Hex            2%         N/A       90%         4

Inventory:

Hand Weapons
 Y - a +1 sling (weapon)
Armour
 g - a +0 leather armour (worn)
Scrolls
 e - 2 scrolls of identify
Potions
 f - a potion of mutation

Dungeon Overview and Level Annotations

Branches:
Dungeon (2/15)

Altars:


Message History

A hobgoblin comes into view.
Robin says, "My army is invincible!"
Robin hits you with a +0 mace.
A goblin comes into view. It is wielding a +0 club.
Robin closely misses you.
You shoot a sling bullet. The hobgoblin shouts!
The goblin shouts!
The sling bullet hits Robin.
Robin is heavily wounded.
You hear a shout! x2
Robin says, "My army is invincible!"
Robin completely misses you.
A goblin comes into view. It is wielding a +0 dagger.
The quokka bites you.
You shoot a sling bullet. The sling bullet hits Robin.
Robin is heavily wounded.
The quokka completely misses you.
Robin's horned helmet rattles.
Robin hits you with a +0 mace.
You shoot a sling bullet. The sling bullet hits Robin.
Robin is almost dead.
The quokka bites you but does no damage.
A goblin comes into view. It is wielding a +0 dagger.
Robin roars a battlecry!
The goblins go into a battle-frenzy!
The quokka bites you.
You hear a shout!
You shoot a sling bullet. The sling bullet barely misses Robin.
The sling bullet hits the goblin.
You kill the goblin!
Robin barely misses you. The quokka closely misses you.
Robin throws the goblin at you! The hobgoblin hits you.
A hobgoblin comes into view.
The goblin closely misses you. You furiously retaliate!
You headbutt the goblin. You shoot a sling bullet. The sling bullet hits Robin.
You kill Robin!
The hobgoblin no longer looks unusually strong.
The quokka misses you. The hobgoblin hits you. The hobgoblin misses you.
The quokka barely misses you. The goblin hits you with a +0 club.
You die...

#g# ...
.).
######.g#
##..>.#g.#
#<.<..)g.#
##.grg##.#
#.g@.#
#...g#
###....
#.$....
#.."...#
#####+##


You could see a quokka, 4 hobgoblins and 4 goblins.

Vanquished Creatures
  Robin (D:2)
  A dart slug (D:1)
  2 ball pythons (D:1)
  3 endoplasms
  6 goblins
  A kobold (D:1)
  A quokka (D:1)
  2 bats (D:1)
  A frilled lizard (D:1)
  3 rats (D:1)
21 creatures vanquished.

Notes
Turn   | Place    | Note
-------+----------+-------------------------------------------
     0 | D:1      | qw the Minotaur Hexslinger began the quest for the Orb.
     0 | D:1      | Reached XP level 1. HP: 16/16 MP: 1/1
     0 | D:1      | 0 ||| qw: Version: 0.3-a-46-gb1f654a
     0 | D:1      | 0 ||| qw: Game counter: 1699
     0 | D:1      | 0 ||| qw: Melee chars always use a shield: true
     0 | D:1      | 0 ||| qw: God list: Okawaru
     0 | D:1      | 0 ||| qw: Allow faded altars: false
     0 | D:1      | 0 ||| qw: Do Orc after clearing Dungeon:15 true
     0 | D:1      | 0 ||| qw: Do second Lair branch before Depths: true
     0 | D:1      | 0 ||| qw: Lair rune preference: random
     0 | D:1      | 0 ||| qw: Goals: Normal
     0 | D:1      | 0 ||| PLANNING D:1-11
   545 | D:1      | Reached skill level 3 in Ranged Weapons
   585 | D:1      | Reached XP level 2. HP: 23/23 MP: 2/2
   851 | D:1      | 851 ||| UPGRADING to +0 leather armour.
   861 | D:1      | 861 ||| DROPPING +0 robe.
   862 | D:1      | 862 ||| DROPPING +6 ring of intelligence.
   863 | D:1      | 863 ||| READING 2 scrolls labelled PAYKLU VANA.
   864 | D:1      | 864 ||| READING 3 scrolls labelled CAORUNILETH.
   865 | D:1      | 865 ||| DRINKING 2 brown potions.
   865 | D:1      | Gained mutation: You are robust. (+10% HP) [potion of
                  | mutation]
   865 | D:1      | Gained mutation: You are weak. (Str -2) [potion of
                  | mutation]
   872 | D:1      | 872 ||| DROPPING scroll of noise.
   873 | D:1      | 873 ||| DROPPING scroll of poison.
   919 | D:2      | Noticed Robin
   931 | D:2      | Killed Robin
   931 | D:2      | HP: 5/26 [hobgoblin[Robin] (2)]
   931 | D:2      | Slain by a goblin

Levels and vault maps discovered:
D:1:      dpeg_arrival_another_circle, layout_loops_corners
D:2:      layout_basic, serial_shops, shop, nicolae_shop_tiny_real_fake_doors,
          uniq_robin, uniq_sigmund, uniq_terence

Skill      XL: |  1  2 |
---------------+-------+-----
Ranged Weapons | 3 |  3.4
Fighting       | 2 |  2.0
Dodging        | |  2.1
Spellcasting   | |  1.0
Hexes          | |  2.0

Action                     || total
---------------------------++-------
   Fire: Sling             ||    49
    Use: Scroll            ||     2
         Potion            ||     1
 Armour: Robe              ||     1
         Leather armour    ||     2
  Dodge: Dodged            ||    19

Table legend:
 A = Non-vault XP
 B = Vault XP
 C = Vault XP percentage of total XP
 D = Non-vault monster count
 E = Vault monster count
 F = Vault count percentage of total count
                 A         B        C        D         E       F
            +---------+---------+-------+---------+---------+-------
      Total |      28 |      24 |  46.2 |      16 |       5 |  23.8
            +---------+---------+-------+---------+---------+-------
        D:1 |      26 |       0 |   0.0 |      15 |       0 |   0.0
        D:2 |       2 |      24 |  92.3 |       1 |       5 |  83.3
            +---------+---------+-------+---------+---------+-------
